[Event "*** Titled Tuesday Blitz"]
[Site "Chess.com"]
[Date "2020.04.14"]
[Round "9"]
[White "pichonazo"]
[Black "isla88"]
[Result "1-0"]
[WhiteElo "2577"]
[BlackElo "2317"]
[TimeControl "180+1"]
[EndTime "11:43:12 PDT"]
[Termination "pichonazo won by resignation"]

1. e4 c5 2. c3 Nf6 3. e5 Nd5 4. Nf3 Nc6 5. Bc4 e6 6. d4 cxd4 7. cxd4 d6 8. O-O Be7 9. Bd2 O-O 10. Nc3 dxe5 11. dxe5 Nb6 12. Bb3 Nd4 13. Nxd4 Qxd4 14.
Qe2 Bd7 15. Rad1 Qh4 16. Ne4 Bc6 17. Nd6 Rfd8 18. Bc1 Nd5 19. Qc4 Qxc4 20. Nxc4 a5 21. a3 a4 22. Ba2 b5 23. Ne3 Nf4 24. h3 Rac8 25. Bb1 b4 26. axb4 Bxb4 27. Kh2 Nd5 28.
Nxd5 Rxd5 29. Bf4 Rcd8 30. Rxd5 Bxd5 31. Rc1 h6 32. Be3 Rb8 33. Bc2 Bb3 34. Bxb3 axb3 35. Kg3 Kh7 36. f4 Kg6 37. Kf3 Ra8 38. Rc4 Be7 39. Rc3 Rb8 40. Bc5 Bxc5 41. Rxc5 f6 42. g4 h5 43. exf6 hxg4+ 44. hxg4 gxf6 45. Ke4 Rb4+ 46. Ke3 f5 47. g5 Re4+ 48. Kf3 Rd4 49. Rc3 Rb4 50. Rc6 Rd4 51. Rxe6+ Kg7 52. Re3 Rb4 53. Re7+ Kg6 54. Re6+ Kg7 55. Ke3 Kf7 56. Rf6+ Ke7 57.
Rxf5 Ra4 58. Rb5 1-0

[Event "*** Titled Tuesday Blitz"]
[Site "Chess.com"]
[Date "2020.04.14"]
[Round "9"]
[White "nihalsarin"]
[Black "Gabix_94"]
[Result "1/2-1/2"]
[WhiteElo "3050"]
[BlackElo "2871"]
[TimeControl "180+1"]
[EndTime "11:43:13 PDT"]
[Termination "Game drawn by repetition"]

1. d4 Nf6 2. Bf4 g6 3. Nc3 d5 4.
e3 Bg7 5. h4 c5 6. Nb5 Na6 7.
Be2 h5 8. Nf3 O-O 9. c3 Ne4 10.
Ne5 Qe8 11. a4 f6 12. Nf3 Kh7 13. O-O e5 14. dxe5 fxe5 15. Qxd5 Nxc3 16. bxc3 exf4 17. Bd3 Bf5 18. Bxf5 Rxf5 19. Qxb7 Rf6 20. exf4 Rb8 21. Qxa7 Ra8 22. Qb7 Rb8 23. Qd5 Kh8 24. Rfe1 Qc8 25.
Ng5 Qg4 26. Nd6 Qxf4 27. Ndf7+ Kg8 28. g3 Qxf2+ 29. Kh1 Qxg3 30. Nd8+ Kh8 31. Re8+ Bf8 32. Ndf7+ Kg7 33. Ne6+ Rxe6 34. Qxe6 Qf3+ 35. Kg1 Qg3+ 36. Kf1 Qf3+ 37. Kg1 Rxe8 38. Qxe8 Qg3+ 39. Kf1 Qf3+ 40.
Kg1 Qg3+ 41. Kf1 Qf3+ 42. Kg1 1/2-1/2

[Event "*** Titled Tuesday Blitz"]
[Site "Chess.com"]
[Date "2020.04.14"]
[Round "9"]
[White "Semetey"]
[Black "Gabrielian_Artur"]
[Result "1-0"]
[WhiteElo "2566"]
[BlackElo "2660"]
[TimeControl "180+1"]
[EndTime "11:43:14 PDT"]
[Termination "Semetey won by checkmate"]

1. d4 Nf6 2. Nc3 d5 3. Bf4 g6 4. Qd2 Bg7 5. Bh6 Bxh6 6. Qxh6 Qd6 7. O-O-O Ng4 8. Qh4 Qf4+ 9. Kb1 Qxf2 10. g3 Ne3 11. Nf3 Bf5 12. Rc1 Nc6 13. Bh3 O-O-O 14. g4 Qxh4 15. Nxh4 Bxg4 16. Bxg4+ Nxg4 17. h3 Ne3 18.
Nf3 f6 19. h4 h5 20. Rh3 Ng4 21. Rf1 e5 22. dxe5 fxe5 23. Ng5 Rhf8 24. Rhf3 Rxf3 25.
Rxf3 e4 26. Rf7 Nce5 27. Re7 Rf8 28. b3 c6 29. Na4 Nd7 30. Ne6 Rg8 31. Nac5 Nxc5 32. Nxc5 g5 33. hxg5 h4 34. Rh7 Ne3 35. Nxb7 Rxg5 36. Nd6+ Kb8 37. Rb7+ Ka8 38. Rh7 Kb8 39.
Rb7+ Ka8 40. Rh7 a5 41. Rxh4 Rg1+ 42. Kb2 Nd1+ 43. Ka3 Nc3 44. Kb2 Nxe2 45. Rh8+ Ka7 46. Rh7+ Kb6 47. a3 Rg2 48. b4 axb4 49. axb4 Nd4 50.
Kc3 Ne2+ 51. Kb3 Nd4+ 52. Ka4 Rxc2 53. Nc8+ Ka6 54. Ra7# 1-0

[Event "*** Titled Tuesday Blitz"]
[Site "Chess.com"]
[Date "2020.04.14"]
[Round "9"]
[White "arctic_t00"]
[Black "ARMQUEEN"]
[Result "0-1"]
[WhiteElo "2470"]
[BlackElo "2282"]
[TimeControl "180+1"]
[EndTime "11:43:14 PDT"]
[Termination "ARMQUEEN won by resignation"]

1. d4 Nf6 2. c4 c5 3. d5 e6 4. Nc3 exd5 5. cxd5 d6 6. Nf3 g6 7. Nd2 Bg7 8. e4 O-O 9. Be2 a6 10. a4 Re8 11. O-O Nbd7 12. f3 b6 13. Nc4 Qe7 14. Bf4 Ne5 15. Nxb6 Rb8 16. Nxc8 Rexc8 17. Bxa6 Rc7 18.
Bb5 Nh5 19. Bd2 c4 20. b3 cxb3 21. Qxb3 Nd3 22. Ne2 Nc5 23. Qa2 Bxa1 24. Rxa1 Ra7 25. Qc4 Qf6 26. Rf1 Rba8 27. Bc3 Qe7 28. Qd4 f6 29. g4 Ng7 30. Qxf6 Qxf6 31. Bxf6 Nxa4 32. Bc6 Rb8 33. Ra1 Rb4 34. Nf4 Rf7 35. Bxg7 Rxf4 36. Rxa4 Rxa4 37. Bxa4 Kxg7 38. Kg2 Kf6 39. Kg3 Ke5 40.
h4 Rf8 41. g5 Kd4 42. Bd7 Ke3 43. Bg4 Rb8 44. h5 gxh5 45. Bxh5 Rb1 46. Bg4 Rg1+ 47.
Kh3 Kf4 48. Bf5 Rxg5 49. Kh4 h6 50. Bg4 Re5 51. Kh3 h5 52. Be6 Kxf3 53. Bf5 Kf4 54. Kh4 Rxe4 55. Bxe4 Kxe4 56. Kxh5 Kxd5 57. Kg4 Ke4 58.
Kg3 Ke3 59. Kg2 Ke2 60. Kg3 d5 61. Kf4 d4 0-1

[Event "*** Titled Tuesday Blitz"]
[Site "Chess.com"]
[Date "2020.04.14"]
[Round "9"]
[White "TST2014"]
[Black "MokshAD1603"]
[Result "1-0"]
[WhiteElo "2532"]
[BlackElo "2347"]
[TimeControl "180+1"]
[EndTime "11:43:15 PDT"]
[Termination "TST2014 won by resignation"]

1. d4 Nf6 2. c4 g6 3. Nf3 Bg7 4.
Nc3 d5 5. Bg5 Ne4 6. Bh4 Nxc3 7.
bxc3 dxc4 8. Qa4+ Qd7 9. Qxc4 b6 10. e3 Ba6 11. Qb3 Bxf1 12. Kxf1 O-O 13. Ke2 Nc6 14. Rhd1 Na5 15. Qb4 Rfc8 16. Qxe7 Qb5+ 17. Ke1 Qb2 18. Qb4 Qxb4 19. cxb4 Nc6 20. b5 Nb4 21. Kd2 c5 22.
bxc6 Rxc6 23. Ne1 Rac8 24. a3 Nc2 25. Ra2 Nxe1 26. Rxe1 Bf8 27. Rb1 Rc3 28. a4 R3c4 29. Rbb2 Bb4+ 30. Kd1 a5 31. Rc2 Bc3 32. Ke2 Bb4 33.
Kd3 Rc3+ 34. Rxc3 Rxc3+ 35. Ke4 f5+ 36. Kd5 Kf7 37. Bg3 Ke7 38. h4 Kd7 39. h5 g5 40.
Ke5 Bd6+ 41. Kxf5 Bxg3 42. fxg3 Rxe3 43. Kxg5 Rxg3+ 44. Kh6 Kd6 45. Kxh7 Kd5 46. Rd2 Ra3 47.
g4 Rg3 48. Rb2 Rxg4 49. Rxb6 Kxd4 50. Rb5 Ke4 51. Rxa5 Kf4 52. Rb5 Kg3 53. h6 Rxa4 54.
Kg6 Ra6+ 55. Kg5 Ra7 56. Rb3+ Kg2 57. Re3 Kf2 58. Re6 Kg3 59. Kg6 Kg4 60. h7 Rb7 61. h8=Q 1-0

[Event "*** Titled Tuesday Blitz"]
[Site "Chess.com"]
[Date "2020.04.14"]
[Round "9"]
[White "Onwgs"]
[Black "AliKa2810"]
[Result "1-0"]
[WhiteElo "2432"]
[BlackElo "2589"]
[TimeControl "180+1"]
[EndTime "11:43:16 PDT"]
[Termination "Onwgs won by resignation"]

1. e4 e6 2. d4 d5 3. Nd2 c5 4.
exd5 exd5 5. Ngf3 Nc6 6. Bb5 Qe7+ 7. Qe2 Qxe2+ 8. Bxe2 Nf6 9. O-O Bf5 10. Re1 O-O-O 11. dxc5 Bxc5 12. Nb3 Bb6 13. c3 Rhe8 14. Bg5 Ne4 15. Bh4 f6 16. Nfd4 Bd7 17. f3 g5 18.
fxe4 gxh4 19. exd5 Nxd4 20. Nxd4 h3 21. Bf3 hxg2 22.
Kxg2 Rg8+ 23. Kf2 Rg5 24. Rg1 Rf5 25. Rg7 Rf4 26. Re1 f5 27. Rxh7 Bb5 28. Kg3 Rxd4 29. cxd4 Bxd4 30. d6 Rxd6 31. Bxb7+ Kb8 32. Bf3 Bd7 33.
Kf4 Kc7 34. Rc1+ Kb6 35. Rd1 a5 36. h4 Kc5 37. Rc1+ Kb4 38. Re7 Bxb2 39. Rd1 Rxd1 40. Bxd1 Bc1+ 41. Kg3 Bc6 42. h5 f4+ 43. Kf2 Be3+ 44. Ke1 Kc3 45. h6 Bd2+ 46. Kf2 Be3+ 47. Rxe3+ fxe3+ 48. Kxe3 1-0

[Event "*** Titled Tuesday Blitz"]
[Site "Chess.com"]
[Date "2020.04.14"]
[Round "9"]
[White "VALPARAISO37"]
[Black "Alex_Molchanov"]
[Result "0-1"]
[WhiteElo "2369"]
[BlackElo "2533"]
[TimeControl "180+1"]
[EndTime "11:43:16 PDT"]
[Termination "Alex_Molchanov won by checkmate"]

1. d4 Nf6 2. c4 e6 3. Nc3 Bb4 4. a3 Bxc3+ 5. bxc3 b6 6. e3 Nc6 7. Bd3 Ba6 8. e4 Na5 9. e5 Ng8 10. Qg4 Kf8 11. Bg5 f6 12. exf6 Nxf6 13. Qe2 h6 14.
Bh4 Qe8 15. Nf3 d6 16. O-O Qd7 17. Bg3 Kf7 18. Nh4 Rhe8 19. Ng6 Qa4 20. c5 Bxd3 21. Qxd3 Qc4 22. Qc2 bxc5 23. dxc5 Qxc5 24. Nf4 Rab8 25. Qg6+ Kg8 26. Rab1 Qf5 27. Rxb8 Rxb8 28. Qxf5 exf5 29. h3 Rb3 30. Ne2 Rxa3 31. Rb1 Rb3 32. Ra1 Nc6 33. Ra6 Rb6 34. Ra4 Ne4 35. Bf4 g5 36. Be3 Rb2 37. Ra6 Nb8 38. Rxa7 f4 39. Bd4 c5 40. c4 Rxe2 41.
Bg7 Nc6 42. Rc7 Re1+ 43. Kh2 Nxf2 44. g3 fxg3+ 45. Kxg3 Re7 46. Rxc6 Ne4+ 47. Kf3 Kxg7 48. Kg4 Nf6+ 49. Kf5 Re5# 0-1

[Event "*** Titled Tuesday Blitz"]
[Site "Chess.com"]
[Date "2020.04.14"]
[Round "9"]
[White "LileKoridze"]
[Black "JacekDubiel"]
[Result "1/2-1/2"]
[WhiteElo "2295"]
[BlackElo "2427"]
[TimeControl "180+1"]
[EndTime "11:43:16 PDT"]
[Termination "Game drawn by repetition"]

1. d4 Nf6 2. c4 e6 3. g3 d5 4. Bg2 dxc4 5. Nf3 c6 6. O-O b5 7. a4 Bb7 8. Ne5 a6 9. axb5 axb5 10. Rxa8 Bxa8 11. Nc3 Be7 12. Nxb5 cxb5 13. Bxa8 Nd5 14.
Nc6 Qc7 15. Nxb8 Qxb8 16. Bc6+ Kf8 17. b3 Qb6 18. bxc4 Qxc6 19. cxd5 Qxd5 20. Qc2 h5 21.
Ba3 Qd7 22. Bc5 g6 23. Rb1 Kg7 24. Bxe7 Qxe7 25. Rxb5 Rd8 26. Qc5 Qd7 27. e3 Rc8 28. Qb4 Rc1+ 29. Kg2 Qc6+ 30. d5 exd5 31. Qd4+ Qf6 32.
Rxd5 Rc2 33. e4 Qxd4 34. Rxd4 Kf6 35. Rd5 Ke6 36. Kf3 Rc3+ 37. Kf4 Rc2 38. Ke3 Rc1 39. h4 Re1+ 40. Kf4 Rf1 41. Rd2 Ra1 42. Rb2 Ra5 43. Rb6+ Ke7 44. e5 Rc5 45. Ke4 Ra5 46. Rd6 Ra4+ 47.
Rd4 Ra2 48. f4 Ra3 49. Rd3 Ra4+ 50. Rd4 Ra3 51. Rd3 Ra4+ 52. Rd4 Ra3 1/2-1/2

[Event "*** Titled Tuesday Blitz"]
[Site "Chess.com"]
[Date "2020.04.14"]
[Round "9"]
[White "claudyna16"]
[Black "keepitcool9499"]
[Result "1-0"]
[WhiteElo "2511"]
[BlackElo "2284"]
[TimeControl "180+1"]
[EndTime "11:43:16 PDT"]
[Termination "claudyna16 won by checkmate"]

1. c4 e6 2. g3 d5 3. Bg2 Nf6 4. Nf3 Be7 5. O-O O-O 6. b3 Nbd7 7. Bb2 b6 8. d3 Bb7 9. Nbd2 c5 10. Re1 d4 11. e3 dxe3 12. fxe3 Qc7 13. Qe2 Rad8 14. Rad1 Ng4 15. h3 Ngf6 16. Nf1 Nh5 17. g4 Ng3 18. Nxg3 Qxg3 19. Qf2 Qxf2+ 20. Kxf2 Bf6 21. d4 cxd4 22. exd4 g6 23. Re2 Nc5 24. Ne1 Bxg2 25. Nxg2 Rd7 26.
dxc5 Rxd1 27. Bxf6 bxc5 28. Ne3 Rh1 29. Kg2 Rc1 30.
g5 h6 31. h4 Kh7 32. Ng4 Rd1 33. Nxh6 a5 34. Ng4 a4 35. Be7 Rb8 36. Bxc5 axb3 37. axb3 Rxb3 38. Rf2 Kg7 39. Be7 Rc1 40. c5 Rc4 41. Ne5 Rb7 42. Rxf7+ Kg8 43. Rf8+ Kg7 44. Nxc4 Rxe7 45. Rf6 Rc7 46. Ne5 Rxc5 47. Rxg6+ Kh7 48.
Rxe6 Rc2+ 49. Kf3 Rc3+ 50. Kg4 Re3 51. h5 Kg7 52. h6+ Kh8 53. Ng6+ Kh7 54. Rxe3 Kg8 55. Nh4 Kh7 56. Kh5 Kg8 57. g6 Kf8 58. Re4 Kg8 59.
Re8# 1-0

[Event "*** Titled Tuesday Blitz"]
[Site "Chess.com"]
[Date "2020.04.14"]
[Round "9"]
[White "freshfoodcompany"]
[Black "rozabaku"]
[Result "1-0"]
[WhiteElo "2267"]
[BlackElo "2414"]
[TimeControl "180+1"]
[EndTime "11:43:16 PDT"]
[Termination "freshfoodcompany won by resignation"]

1. d4 Nf6 2. c4 g6 3. Nc3 d5 4.
cxd5 Nxd5 5. e4 Nxc3 6. bxc3 Bg7 7. Bb2 c5 8. Bc4 cxd4 9. cxd4 Qa5+ 10. Qd2 Qxd2+ 11.
Kxd2 Nc6 12. Ne2 O-O 13. Rhd1 Rd8 14. Ke1 Nb4 15. Rac1 a6 16. Ba3 Nc6 17. d5 Ne5 18.
Bxe7 Re8 19. d6 Nxc4 20. Rxc4 Be6 21. Rc7 Bf8 22. Bf6 Bxd6 23. Rxd6 Bxa2 24. Nc3 Bb3 25. Rxb7 Bc2 26. f3 Reb8 27. Rxb8+ Rxb8 28. Kd2 Bb3 29. Rxa6 h6 30. Rd6 g5 31. Rd8+ Rxd8+ 32. Bxd8 Kh7 33.
Nd5 Kg6 34. Kc3 Bd1 35. Ne3 Ba4 36. Kd4 h5 37. Nd5 Bb5 38. g3 Ba6 39. Ne7+ Kh6 40. Nf5+ Kg6 41. h4 gxh4 42. Nxh4+ Kh6 43. Ke5 Bc8 44.
Kf6 Be6 45. Be7 Bb3 46. Bf8+ Kh7 47. f4 Bc2 48. e5 Bb3 49. Nf5 Kg8 50. Bd6 Be6 51.
Nh6+ Kh7 52. Nxf7 1-0

[Event "*** Titled Tuesday Blitz"]
[Site "Chess.com"]
[Date "2020.04.14"]
[Round "9"]
[White "tvjosue"]
[Black "W_Amadeus"]
[Result "0-1"]
[WhiteElo "2517"]
[BlackElo "2709"]
[TimeControl "180+1"]
[EndTime "11:43:19 PDT"]
[Termination "W_Amadeus won by resignation"]

1. b3 e5 2. Bb2 Nc6 3. c4 Nf6 4. e3 d5 5. cxd5 Nxd5 6. a3 Bd6 7. Qc2 O-O 8. Nf3 Qe7 9. h4 h6 10. b4 a6 11. Bc4 Be6 12. Qb3 e4 13. Bxd5 exf3 14.
gxf3 Be5 15. Nc3 Rad8 16. O-O-O Bxd5 17. Nxd5 Qe6 18. e4 Nd4 19. Bxd4 Bxd4 20. Qd3 c6 21. Qxd4 cxd5 22. Rhg1 f6 23. exd5 Rxd5 24. Qg4 Qf7 25. d4 Rfd8 26. Qe4 f5 27. Qe3 R5d6 28. Rge1 Qc4+ 29.
Kb1 Rxd4 30. Rxd4 Rxd4 31. Rc1 Qd5 32. h5 Kh7 33. Qc3 Rd3 34. Qc4 Rb3+ 35. Ka2 Qxc4 36.
Rxc4 Rxf3 37. Rc7 Rxf2+ 38. Kb3 Rh2 39. Rxb7 Rxh5 40. Rb6 f4 41. Rxa6 f3 42. Rc6 Rf5 43. Rc1 f2 44. Rf1 g5 45. b5 g4 46. b6 g3 0-1

[Event "*** Titled Tuesday Blitz"]
[Site "Chess.com"]
[Date "2020.04.14"]
[Round "9"]
[White "vasblesk"]
[Black "josiwales"]
[Result "0-1"]
[WhiteElo "2390"]
[BlackElo "2578"]
[TimeControl "180+1"]
[EndTime "11:43:19 PDT"]
[Termination "josiwales won on time"]

1. d4 d5 2. c4 c6 3. Nc3 Nf6 4. Nf3 dxc4 5. a4 Bf5 6. e3 e6 7. Bxc4 Bb4 8. O-O O-O 9. Qb3 Qa5 10. Bd2 Nbd7 11. Rfd1 Nb6 12. Be2 Rac8 13. Ne5 c5 14. dxc5 Qxc5 15. Nd3 Bxd3 16. Bxd3 Rfd8 17. Ne4 Nxe4 18.
Bxb4 Qe5 19. f4 Qd5 20. Qxd5 exd5 21. Rac1 Nxa4 22. Rxc8 Rxc8 23. Bb5 Nxb2 24. Rxd5 Rc1+ 25. Bf1 h6 26. Rd4 f5 27. g4 Nd1 28. Rd3 fxg4 29. Ba3 Ra1 30. Be7 Ndf2 31. Rd8+ Kh7 32. Bh4 Nh3+ 33.
Kg2 Ra2+ 34. Kh1 Ra1 35. Kg2 Ra2+ 36. Kh1 Nef2+ 37. Kg2 Nd1+ 38. Kg3 Ndf2 39. Bg2 g5 0-1

[Event "*** Titled Tuesday Blitz"]
[Site "Chess.com"]
[Date "2020.04.14"]
[Round "9"]
[White "StockholmMissile"]
[Black "queen_iryna"]
[Result "1-0"]
[WhiteElo "2413"]
[BlackElo "2223"]
[TimeControl "180+1"]
[EndTime "11:43:19 PDT"]
[Termination "StockholmMissile won by resignation"]

1. d4 d5 2. c4 c6 3. Nf3 Nf6 4. Nc3 e6 5. e3 Nbd7 6. Bd3 dxc4 7. Bxc4 b5 8. Bd3 Bb7 9. a3 a6 10. b4 Be7 11. O-O O-O 12. Rb1 a5 13. e4 axb4 14. axb4 Nb6 15. Qc2 g6 16. Rd1 Na4 17. Ne2 Nd7 18. Ng3 Bf6 19. e5 Bg7 20. Ne4 Ndb6 21. Bg5 Qc7 22. h4 Nd5 23. Qd2 f6 24. exf6 Nxf6 25.
Nxf6+ Bxf6 26. Bxf6 Rxf6 27. Ne5 Nb6 28. Be4 Nd7 29. Re1 Nxe5 30. dxe5 Rf7 31. h5 gxh5 32. Rb3 Rg7 33. Rd3 Rf8 34. Rd6 Qf7 35. f3 h4 36. Qh6 h3 37. Qxh3 Qf4 38. Qxe6+ Kh8 39. Qh3 Qxe5 40. Rh6 Rff7 41. Rd1 Qg5 42. Kh1 Kg8 43. Rhd6 Rf8 44. Rd7 Bc8 45. Rxg7+ Qxg7 46. Qh4 Bd7 47. Qxh7+ Qxh7+ 48. Bxh7+ Kxh7 49. Rxd7+ Kg8 50.
Rc7 Rf4 51. Rxc6 Rxb4 52. Kh2 Rb1 53. Rc7 b4 54. Rb7 b3 55. Kh3 b2 56. Kg4 Kf8 57.
f4 Kg8 58. Kg5 Kf8 59. f5 Ke8 60. Kg6 Kf8 61. f6 Ke8 62. f7+ 1-0

[Event "*** Titled Tuesday Blitz"]
[Site "Chess.com"]
[Date "2020.04.14"]
[Round "9"]
[White "Fandorine"]
[Black "Vincent_Vega95"]
[Result "1-0"]
[WhiteElo "2921"]
[BlackElo "2789"]
[TimeControl "180+1"]
[EndTime "11:43:20 PDT"]
[Termination "Fandorine won by resignation"]

1. e4 c5 2. Nf3 Nc6 3. Bb5 Nf6 4.
Nc3 Qc7 5. O-O Nd4 6. Re1 a6 7.
Bf1 Ng4 8. g3 Nxf3+ 9. Qxf3 Ne5 10. Qd1 e6 11. Bg2 d6 12. d3 Be7 13. f4 Nc6 14. Be3 O-O 15. Qd2 b5 16. a3 Rb8 17.
Rad1 Rd8 18. Qf2 Bf6 19. e5 dxe5 20. Ne4 Be7 21. Bxc5 exf4 22. gxf4 Bb7 23. c3 Ba8 24. d4 Na5 25. Bxe7 Qxe7 26. f5 exf5 27. Qxf5 Re8 28. Ng5 g6 29. Rxe7 gxf5 30. Rde1 Rxe7 31. Rxe7 Bxg2 32.
Kxg2 Rb7 33. Rxb7 Nxb7 34. Kg3 Kg7 35. Kf4 h6 36. Nf3 Kf6 37. Ne5 Nd6 38. b3 a5 39.
c4 a4 40. bxa4 bxc4 41. a5 c3 42. a6 c2 43. Nd3 Nb5 44. a4 Na7 45. d5 h5 46. h4 Nc8 47. Ke3 Ke7 48. Kd2 Kd6 49. Nf4 Ke5 50. Kxc2 1-0

[Event "*** Titled Tuesday Blitz"]
[Site "Chess.com"]
[Date "2020.04.14"]
[Round "9"]
[White "jwillz14"]
[Black "DraskovicL"]
[Result "0-1"]
[WhiteElo "2386"]
[BlackElo "2556"]
[TimeControl "180+1"]
[EndTime "11:43:20 PDT"]
[Termination "DraskovicL won by checkmate"]

1. Nf3 d5 2. g3 c6 3. Bg2 Bg4 4. c4 e6 5. Ne5 Bf5 6. cxd5 exd5 7. Qb3 Qb6 8. O-O Qxb3 9. axb3 Bd6 10. Nf3 Nf6 11.
Nc3 O-O 12. d3 Nbd7 13. e4 dxe4 14. Nd4 Bg6 15. dxe4 Nc5 16. f3 Be5 17. Nce2 Rfd8 18. Be3 Ne6 19. Rfd1 Nxd4 20. Nxd4 a6 21. b4 Rd7 22. Rd2 Rad8 23. Rad1 Bd6 24. Nc2 Be7 25. Bd4 Ne8 26. Bh3 Rd6 27. Kf2 Nc7 28. Ke3 Nb5 29. Bc5 Rxd2 30. Rxd2 Rxd2 31. Kxd2 Bd8 32. Be3 f6 33.
Bc8 Nd6 34. Be6+ Bf7 35. Bxf7+ Kxf7 36. Kd3 Ke6 37. Nd4+ Kd7 38. Nb3 b6 39. Nd2 Nc8 40. f4 Be7 41. Kc3 Kc7 42. Nc4 b5 43. Na5 Nd6 44.
Kd3 Nb7 45. Nb3 Bxb4 46. e5 Be7 47. Ke4 g6 48. g4 c5 49. exf6 Bxf6 50. Bxc5 Bxb2 51.
Bd4 Bxd4 52. Kxd4 Kd6 53. h4 a5 54. Nd2 Nc5 55. h5 gxh5 56. gxh5 a4 57. Nb1 b4 58. Nd2 a3 59. Nc4+ Kc6 60. Ne5+ Kb5 61. f5 a2 62. Kd5 a1=Q 63. f6 Qd1+ 64. Nd3 Qxd3+ 65. Ke5 Qe4+ 66. Kd6 Qe6+ 67. Kc7 Qd7+ 68. Kb8 Qb7# 0-1

[Event "*** Titled Tuesday Blitz"]
[Site "Chess.com"]
[Date "2020.04.14"]
[Round "9"]
[White "PIwan"]
[Black "RestartingChess"]
[Result "1-0"]
[WhiteElo "2549"]
[BlackElo "2382"]
[TimeControl "180+1"]
[EndTime "11:43:20 PDT"]
[Termination "PIwan won by resignation"]

1. c4 Nf6 2. Nc3 g6 3. e4 d6 4. d4 Bg7 5. f3 O-O 6. Bg5 c5 7. d5 Nbd7 8. Qd2 a6 9. Nge2 Rb8 10. Ng3 h5 11. Be2 Nh7 12. Bh6 Ne5 13. Bxg7 Kxg7 14. f4 Ng4 15. Bxg4 Bxg4 16. h3 Bd7 17. O-O e5 18. dxe6 Bxe6 19. b3 Qh4 20. Rf3 Rbd8 21. Raf1 f5 22. Re1 Qf6 23. exf5 Bxf5 24. Nd5 Qd4+ 25.
Qxd4+ cxd4 26. Rd1 Rde8 27. Rxd4 Re1+ 28. Kh2 Bb1 29. Nc3 h4 30. Nge4 Bxe4 31. Rxe4 Rc1 32. Re7+ Rf7 33. Rxf7+ Kxf7 34. Ne4 Ke6 35. Rd3 Kf5 36.
Nxd6+ Kxf4 37. Nxb7 Ng5 38. Nc5 Rc2 39. a4 Ke5 40.
Rd5+ Kf6 41. Nd7+ Ke6 42. Rxg5 Kxd7 43. Rxg6 Rb2 44. Rxa6 Rxb3 45. Rh6 Rb4 46. Rxh4 Rxa4 47. Rg4 Ke6 48. h4 Kf5 49. Kh3 Ra3+ 50. g3 Ra1 51.
Rf4+ Kg6 52. Kg4 Rg1 53. h5+ Kh6 54. Rf6+ Kg7 55. Rg6+ Kh7 56. c5 Rc1 57. c6 Rc4+ 58. Kh3 Rc5 59. g4 Rc1 60. Kh4 Rc5 61. Rd6 Kg7 62.
Rd7+ Kf6 63. c7 Rc1 64. g5+ Kf5 65. Rf7+ Ke4 66. g6 Rh1+ 67. Kg5 Rg1+ 68. Kf6 Rc1 69. g7 Rf1+ 70. Ke7 Rc1 71. g8=Q Rxc7+ 72. Kd6 Rc4 73.
Re7+ Kd3 74. Qxc4+ Kxc4 75. h6 1-0

[Event "*** Titled Tuesday Blitz"]
[Site "Chess.com"]
[Date "2020.04.14"]
[Round "9"]
[White "hakki1"]
[Black "Klavdia_Nik"]
[Result "1-0"]
[WhiteElo "2394"]
[BlackElo "2165"]
[TimeControl "180+1"]
[EndTime "11:43:20 PDT"]
[Termination "hakki1 won on time"]

1. d4 Nf6 2. c4 c5 3. d5 b5 4. cxb5 a6 5. e3 axb5 6. Bxb5 Qa5+ 7. Nc3 g6 8. Nf3 Ba6 9. Bxa6 Nxa6 10. O-O d6 11. e4 Nd7 12. Qe2 Bg7 13. Bg5 h6 14. Bh4 Bxc3 15. bxc3 Qxc3 16. a3 Nc7 17. Rfc1 Qa5 18. e5 g5 19. exd6 Nxd5 20. Bg3 e6 21. Ne5 N7f6 22. d7+ Nxd7 23. Nc4 Qa6 24. Qb2 O-O 25. h4 Rab8 26. Qe2 N7f6 27. hxg5 hxg5 28. Qd2 Ne4 29. Qd3 Nxg3 30. Qxg3 f6 31. Qf3 Kg7 32. Qe4 Rbe8 33. Ne3 Nf4 34. g3 Ne2+ 35. Kg2 Nxc1 36.
Rxc1 Qa8 37. Kf3 Qxe4+ 38. Kxe4 Kg6 39. Rxc5 Ra8 40. Rc6 Rxa3 41. Rxe6 Ra2 42. Kf3 Kf7 43. Rc6 Re8 44. Nd5 Re6 45. Rc7+ Kg6 46. Ne7+ Kf7 47. Nf5+ Ke8 48. Ng7+ 1-0

[Event "*** Titled Tuesday Blitz"]
[Site "Chess.com"]
[Date "2020.04.14"]
[Round "9"]
[White "Gennady_Kozlov"]
[Black "Anurag328"]
[Result "1/2-1/2"]
[WhiteElo "2593"]
[BlackElo "2751"]
[TimeControl "180+1"]
[EndTime "11:43:21 PDT"]
[Termination "Game drawn by agreement"]

1. b3 Nf6 2. Bb2 g6 3. e3 Bg7 4. f4 O-O 5. Nf3 d6 6. Be2 Nc6 7. O-O e5 8. fxe5 Ng4 9. Nc3 Ngxe5 10. Nxe5 Nxe5 11. Qe1 Bd7 12. Rd1 h5 13. d4 Ng4 14.
Bxg4 Bxg4 15. Rd3 Qd7 16. Nd5 Qd8 17. e4 c6 18. Ne3 Bd7 19. Qf2 Qe7 20. e5 Rad8 21. Nc4 dxe5 22. dxe5 Bf5 23. Re3 Be6 24. Nd6 Bd5 25. c4 Be6 26. Rf3 Bg4 27. Rxf7 Rxf7 28. Qxf7+ Qxf7 29. Rxf7 Rxd6 30. Rxg7+ Kxg7 31. exd6+ Kf7 32. Kf2 Bf5 33. c5 Bb1 34. a3 Ba2 35. b4 Ke6 36.
Ke3 Bd5 37. g3 Bb3 38. Kf4 Bc2 39. Kg5 Bd3 40. Bf6 Bc2 41. Bd8 Bd3 42. Bc7 a6 43. Ba5 Bc2 44. a4 Bf5 45. Kh6 Kf7 46. Bb6 Bd7 47.
Kg5 Bc8 48. Kf4 Ke6 49. Ke4 Bd7 50. Kd4 Bc8 51. Bc7 Bd7 52. Ba5 Be8 53. Bd8 Bd7 54.
Kc4 Be8 55. b5 cxb5+ 56. axb5 Bxb5+ 57. Kb4 Bc6 58. Ka5 Kd7 59. Bf6 Bd5 60. Kb6 Bc6 61.
Bc3 Bd5 62. Ka5 Bc6 63. Kb4 Ke6 64. Kc4 Bd5+ 65. Kd4 Bc6 66. Ba5 Bd7 67. Ke4 Bc6+ 68. Kf4 Bd7 69. Kg5 Kf7 70. Bc3 Bc8 71. Kh6 Bd7 1/2-1/2

[Event "*** Titled Tuesday Blitz"]
[Site "Chess.com"]
[Date "2020.04.14"]
[Round "9"]
[White "realmadridtv"]
[Black "amiralfio"]
[Result "0-1"]
[WhiteElo "2347"]
[BlackElo "2535"]
[TimeControl "180+1"]
[EndTime "11:43:22 PDT"]
[Termination "amiralfio won by resignation"]

1. e4 e6 2. d4 d5 3. Nc3 Nf6 4. Bg5 dxe4 5. Nxe4 Be7 6. Nxf6+ Bxf6 7. Bxf6 Qxf6 8.
Nf3 O-O 9. Bd3 c5 10. Qe2 cxd4 11. O-O-O Nc6 12. a3 e5 13. Qe4 g6 14. g4 Be6 15. h3 Rfe8 16. Rhe1 Bd7 17. Bc4 Rad8 18. Kb1 Kg7 19. h4 h6 20. g5 Qf5 21. gxh6+ Kxh6 22. Ng5 Qxe4 23. Nxf7+ Kg7 24. Rxe4 Bf5 25. Nxd8 Bxe4 26.
Ne6+ Kf6 27. Ng5 Bf5 28. b4 Rh8 29. b5 Na5 30. Bd5 Rxh4 31. f3 Kxg5 32. Re1 Kf6 33. Kb2 Rh2 34. a4 Rxc2+ 35. Ka3 Nc4+ 36. Bxc4 Rxc4 37.
Kb3 Rc3+ 38. Kb4 Rxf3 39. a5 d3 40. b6 axb6 41. axb6 e4 42. Kc3 Rf2 43. Kd4 d2 44.
Rg1 Re2 45. Rd1 e3 46. Kd5 Bc2 47. Rf1+ Rf2 48. Rg1 e2 49. Kd6 d1=R+ 50. Rxd1 exd1=R+ 51. Kc5 Rb1 52. Kd4 g5 53. Ke3 Rf4 54. Ke2 Bf5 55.
Ke3 Rb3+ 56. Ke2 Ra4 57. Kd2 Ra2+ 0-1

[Event "*** Titled Tuesday Blitz"]
[Site "Chess.com"]
[Date "2020.04.14"]
[Round "9"]
[White "quesfr"]
[Black "CroissantNeuf"]
[Result "0-1"]
[WhiteElo "2212"]
[BlackElo "2389"]
[TimeControl "180+1"]
[EndTime "11:43:22 PDT"]
[Termination "CroissantNeuf won by resignation"]

1. e4 e5 2. Nf3 Nc6 3. Nc3 Nf6 4. d4 exd4 5. Nxd4 Bb4 6. Nxc6 bxc6 7. Bd3 O-O 8. O-O d5 9. exd5 cxd5 10. h3 c6 11. Qf3 h6 12. Bf4 Be6 13. Rad1 Re8 14. Ne2 Bd6 15. b3 Qc7 16. Bxd6 Qxd6 17. c4 a5 18. Nf4 a4 19. Rfe1 axb3 20. axb3 Rab8 21.
cxd5 cxd5 22. Bc4 Qb4 23. Nxd5 Bxd5 24. Rxe8+ Rxe8 25. Bxd5 Re1+ 26. Kh2 Qd6+ 27. g3 Rxd1 28. Qxd1 Qxd5 29. Qc2 Ne4 30. b4 Ng5 31. h4 Nf3+ 32.
Kh3 Qe6+ 33. g4 h5 34. Qf5 hxg4+ 35. Qxg4 Ng1+ 36. Kg3 Qb3+ 37. f3 Ne2+ 38. Kf2 Nc3 39. h5 Qc2+ 40. Kg3 Ne2+ 41. Kh4 Qd3 42. Qe4 Qxe4+ 43.
fxe4 Nd4 44. Kg4 Kf8 45. Kf4 Ke7 46. Ke3 Nc2+ 47. Kf4 Nxb4 48. Kg5 Nc6 49. h6 gxh6+ 50. Kxh6 Kf6 51. Kh5 Ke5 52. Kh6 Kxe4 53. Kg5 f5 54.
Kh4 f4 55. Kh3 f3 56. Kh2 Ke3 57. Kg1 Ke2 58. Kh1 f2 59. Kg2 f1=Q+ 0-1

[Event "*** Titled Tuesday Blitz"]
[Site "Chess.com"]
[Date "2020.04.14"]
[Round "9"]
[White "Larina_Marija"]
[Black "Riptide27"]
[Result "1-0"]
[WhiteElo "2354"]
[BlackElo "2458"]
[TimeControl "180+1"]
[EndTime "11:43:23 PDT"]
[Termination "Larina_Marija won on time"]

1. e4 c5 2. Nc3 e6 3. g3 Nc6 4.
Bg2 Nf6 5. Nge2 Be7 6. d4 cxd4 7. Nxd4 Qc7 8. O-O a6 9. Re1 d6 10. Nxc6 bxc6 11. e5 dxe5 12. Rxe5 O-O 13. Re1 Bb7 14.
Bf4 Qa5 15. Be5 Rfd8 16. Qe2 Nd5 17. Ne4 f6 18. Bd4 Nf4 19. gxf4 Rxd4 20. c3 Rdd8 21. Ng3 Rd6 22. Bh3 f5 23. Rad1 Rad8 24. Rxd6 Rxd6 25.
Nxf5 exf5 26. Qxe7 Rg6+ 27. Kf1 Qb5+ 28. Re2 h6 29. Qd8+ Kh7 30. c4 Qc5 31. Qd3 Rf6 32. Re5 Qb4 33. Bxf5+ g6 34. Qd7+ Kg8 35. Re8+ Rf8 36.
Be6+ Kh8 37. Qd4+ Kh7 38. Qd7+ Kh8 39. Qf7 1-0